Map: World of Sleepers LE

Players

MCanning - Winner!

  • Race: Protoss Protoss
  • Spawn Location: 1:00

xKawaiian

  • Race: Terran Terran
  • Spawn Location: 7:00

VOD

Have the link to the VOD?

Description

Time

  • Played on: Sept. 6, 2019, 12:35 p.m.
  • Length: 11:56
Show
View Real Time Build Order
Export as new Build Order

MCanning Protoss - Winner!

Build Orders:  

Get SALT Encoding   

  12  0:00  Probe  
  13  0:13  Probe  
  14  0:21  Pylon  
  14  0:25  Probe  
  15  0:36  Probe  
  15  0:39  Gateway  
  16  0:44  Probe  
  17  0:50  Assimilator  
  17  0:53  Probe  
  18  1:05  Probe  
  19  1:17  Probe  
  20  1:26  Cybernetics Core  
  20  1:29  Probe  
  21  1:42  Probe  
  21  1:46  Pylon  
  22  1:50  Nexus  
  22  1:54  Probe, Adept  
  23  1:56  Assimilator  
  23  1:59  Warp Gate  
  23  2:04  Probe  
  26  2:12  Probe  
  26  2:17  Pylon  
  26  2:22  Probe  
  27  2:28  Sentry  
  30  2:34  Probe  
  31  2:46  Probe, Robotics Facility  
  32  2:56  Probe, Stalker  
  34  3:03  Probe  
  34  3:04  Probe  
  37  3:13  Probe  
  37  3:15  Probe  
  37  3:18  Gateway  
  39  3:25  Shield Battery, Probe  
  41  3:27  Probe  
  41  3:35  Observer  
  41  3:36  Gateway  
  41  3:37  Probe  
  41  3:39  Probe  
  44  3:45  Pylon  
  44  3:49  Probe  
  44  3:51  Probe  
  44  3:52  Robotics Bay  
  46  4:01  Probe  
  47  4:06  Shield Battery, Pylon  
  48  4:10  Immortal  
  48  4:11  Assimilator  
  48  4:13  Assimilator, Stalker  
  49  4:22  Probe  
  54  4:25  Probe  
  54  4:30  Stalker  
  57  4:39  Shield Battery  
  57  4:41  Disruptor, Sentry  
  57  4:43  Shield Battery  
  59  4:47  Shield Battery, Zealot  
  64  4:57  Stalker  
  64  4:58  Probe  
  67  5:06  Adept  
  69  5:09  Probe  
  69  5:11  Pylon  
  70  5:14  Pylon  
  70  5:18  Disruptor  
  70  5:29  Pylon, Probe  
  70  5:32  Stalker  
  70  5:33  Stalker  
  74  5:39  Adept  
  74  5:42  Gateway  
  74  5:46  Probe  
  74  5:47  Disruptor  
  75  5:53  Gateway  
  78  5:57  Adept x2  
  82  6:06  Stalker  
  76  6:16  Disruptor  
  76  6:17  Probe  
  73  6:19  Adept x2  
  73  6:23  Forge  
  76  6:35  Stalker  
  74  6:40  Stalker x3  
  74  6:46  Pylon  
  80  6:47  Pylon  
  80  6:48  Assimilator  
  80  6:57  Stalker  
  74  7:04  Stalker x4  
  81  7:23  Adept  
  81  7:25  Colossus  
  83  7:30  Adept x4  
  97  7:45  Protoss Ground Weapons Level 1  
  97  7:50  Nexus  
  97  7:52  Pylon  
  97  7:59  Probe  
  90  8:07  Stalker x2  
  90  8:08  Stalker  
  90  8:10  Assimilator  
  96  8:21  Gateway  
  96  8:24  Adept  
  96  8:25  Pylon, Adept  
  100  8:36  Probe  
  101  8:43  Stalker  
  101  8:44  Stalker x2  
  107  8:49  Twilight Council  
  107  8:59  Probe  
  106  9:03  Adept  
  106  9:04  Adept  
  110  9:13  Assimilator  
  110  9:18  Assimilator  
  110  9:20  Adept  
  110  9:21  Shield Battery, Adept x3  
  110  9:23  Probe  
  119  9:38  Dark Shrine  
  117  9:44  Adept x3  
  117  9:45  Adept  
  125  9:46  Zealot x2  
  117  10:08  Stalker x5  
  127  10:18  Pylon  
  110  10:32  Adept x3  
  110  10:33  Adept x3  
  118  10:40  Probe  
  119  10:43  Probe  
  119  10:46  Probe  
  121  10:55  Dark Templar  
  123  11:00  Photon Cannon, Dark Templar  
  123  11:02  Shield Battery  
  123  11:03  Pylon  
  125  11:11  Probe  
  124  11:13  Stalker  
  124  11:14  Stalker x3  
  124  11:18  Probe  
  131  11:19  Photon Cannon  
  131  11:26  Probe  
  131  11:28  Dark Templar  
  126  11:45  Stalker x2  
  126  11:46  Stalker x3  
Show
View Real Time Build Order
Export as new Build Order

xKawaiian Terran 

Build Orders:  

Get SALT Encoding   

  12  0:01  SCV  
  13  0:13  SCV  
  14  0:16  Supply Depot  
  14  0:25  SCV  
  15  0:38  SCV  
  15  0:39  Barracks  
  16  0:46  Refinery  
  16  0:50  SCV  
  17  1:02  SCV  
  18  1:15  SCV  
  19  1:27  Orbital Command, Marine  
  20  1:45  Command Center  
  19  1:54  SCV  
  19  2:00  Barracks Tech Lab  
  20  2:03  Barracks  
  20  2:07  SCV  
  21  2:16  Supply Depot  
  21  2:18  Marauder  
  21  2:21  Concussive Shells  
  23  2:35  Factory  
  23  2:38  SCV  
  23  2:39  Refinery  
  24  2:46  Marauder  
  24  2:50  SCV  
  27  2:53  Barracks Reactor  
  27  3:02  Orbital Command  
  27  3:05  SCV  
  28  3:09  Marine  
  29  3:19  Starport  
  29  3:22  Hellion  
  29  3:24  SCV  
  32  3:29  Marine x2  
  32  3:34  SCV  
  35  3:38  Supply Depot  
  35  3:41  SCV  
  36  3:45  Factory Tech Lab  
  36  3:47  SCV  
  37  3:49  Marine  
  37  3:53  Stimpack, SCV  
  39  3:59  Marine x2  
  40  4:07  Siege Tank  
  40  4:09  SCV, Marine  
  44  4:14  Supply Depot  
  44  4:16  Marine  
  45  4:21  Marine  
  45  4:22  Medivac  
  45  4:24  SCV x2  
  49  4:27  Marine  
  51  4:34  Marine  
  52  4:39  Marine  
  52  4:44  Siege Tank, Marine  
  57  4:52  Marine  
  58  4:53  Bunker  
  58  4:56  SCV x2  
  58  4:57  Marine  
  61  5:01  Supply Depot  
  61  5:02  Marine  
  62  5:18  Supply Depot  
  62  5:23  Liberator, Siege Tank, Marine x3  
  67  5:41  Marine x3  
  66  5:42  SCV  
  66  5:43  SCV  
  67  5:53  Supply Depot  
  67  5:55  SCV x2  
  69  5:58  Marine x3  
  65  6:16  Siege Tank, Marine x3  
  65  6:17  SCV x2  
  66  6:34  Marine x3  
  66  6:39  Medivac  
  70  6:41  SCV x2  
  70  6:44  Combat Shield  
  72  6:52  Marine x3  
  66  7:04  Bunker  
  66  7:05  Bunker, SCV x2  
  66  7:06  Refinery  
  66  7:07  Refinery, Barracks x2  
  68  7:10  Marine  
  68  7:11  Starport Reactor  
  69  7:22  Bunker  
  68  7:26  Marine  
  68  7:27  Marauder  
  69  7:33  SCV  
  69  7:34  SCV  
  71  7:45  SCV, Marine x2  
  71  7:46  Siege Tank, SCV  
  71  7:48  Marauder  
  80  7:58  Marine  
  81  8:00  Medivac  
  81  8:02  SCV  
  81  8:03  Marine x2  
  84  8:08  SCV  
  84  8:09  Marauder  
  84  8:10  Barracks Reactor  
  82  8:14  SCV  
  84  8:23  Marine x2  
  84  8:25  Supply Depot  
  86  8:29  Siege Tank  
  86  8:31  Barracks Tech Lab, Marauder  
  86  8:32  SCV  
  86  8:33  SCV  
  91  8:40  Marine  
  91  8:41  Marine  
  93  8:47  Medivac x2  
  93  8:48  Supply Depot  
  97  8:52  Marauder x2, Marine  
  102  9:09  SCV, Marine x2  
  105  9:11  Supply Depot  
  105  9:13  Supply Depot  
  105  9:14  Marauder  
  107  9:17  Marine  
  107  9:18  Marauder  
  107  9:24  Medivac  
  93  9:47  Marauder, Marine x2  
  93  9:48  Siege Tank  
  71  10:08  Marine x2  
  71  10:09  Marauder  
  71  10:10  Marine  
  72  10:18  Bunker  
  72  10:23  Marine  
  66  10:33  Marauder  
  62  10:36  SCV  
  62  10:38  SCV  
  62  10:40  Marauder  
  63  11:03  SCV  
  63  11:11  SCV  
  64  11:15  SCV  
  65  11:19  Marine x3  
  65  11:23  SCV  
  69  11:27  SCV  
Tags
 
Add a new tag
Caveats
  • Supply blocks, unpowered buildings, or Contaminate may cause inaccurate times.
  • Supply counts are checked every 10 seconds.